 Dungeon Crawl Stone Soup version 0.28-a0-1038-g9c4cb8273d (webtiles) character file.

Game seed: 1606170969327255642

13 garbled the Slasher (level 2, 16/16 HPs)
             Began as a Vine Stalker Monk on Dec 8, 2021.
             Quit the game on level 1 of the Dungeon.
             The game lasted 00:00:47 (362 turns).

garbled the Slasher (Vine Stalker Monk)              Turns: 362, Time: 00:00:47

Health: 16/16      AC:  2    Str: 13    XL:     2   Next: 37%
Magic:  3/3        EV: 12    Int: 10    God:
Gold:   14         SH:  0    Dex: 16    Spells: 1/1 levels left

rFire   . . .      SeeInvis .   a - +0 falchion
rCold   . . .      Faith    .   (no shield)
rNeg    . . .      Spirit   +   b - +0 robe
rPois   .          Reflect  .   (no helmet)
rElec   .          Harm     .   (no cloak)
rCorr   .          Rampage  .   (no gloves)
Will    .....                   (no boots)
Stlth   ++........              (no amulet)
HPRegen 0.05/turn               (no ring)
MPRegen 0.08/turn               (no ring)

@: no status effects
A: fangs 2, magic shield, antimagic bite, no potion heal 2
a: no special abilities


You were on level 1 of the Dungeon.
You visited 1 branch of the dungeon, and saw 1 of its levels.

You collected 14 gold pieces.

Inventory:

Hand Weapons
 a - a +0 falchion (weapon)
Armour
 b - a +0 robe (worn)
Scrolls
 d - a scroll of identify {unknown}
 e - a scroll of enchant armour {unknown}
Potions
 c - a potion of heal wounds {unknown}


   Skills:
 + Level 2.8 Fighting
 * Level 2.9 Long Blades
 + Level 2.5 Dodging
 + Level 2.6 Stealth
 + Level 0.4 Spellcasting


You had one spell level left.
You didn't know any spells.
Your spell library was empty.

Dungeon Overview and Level Annotations

Branches:
Dungeon (1/15)

Altars:


Innate Abilities, Weirdness & Mutations

You have extremely sharp teeth.
When hurt, damage is shared between your health and your magic reserves.
Your bite disrupts and absorbs the magic of your enemies.
Potions cannot restore your health.


Message History

A dart slug comes into view.
You hit the dart slug.
You bite the dart slug, but do no damage.
The dart slug is moderately wounded.
The dart slug bites you.
You hit the dart slug.
The dart slug is severely wounded.
The dart slug launches a dart at you. The slug dart hits you.
You hit the dart slug.
You kill the dart slug!
No target in view!
No target in view!
Magic restored.
A quokka comes into view.
You see here a dart slug corpse.
The quokka bites you.
You barely miss the quokka. Your bite misses the quokka.
The quokka closely misses you. The quokka barely misses you.
You miss the quokka. The quokka barely misses you.
You hit the quokka.
You kill the quokka!
No target in view!
No target in view!
A bat and a kobold come into view.
The kobold shouts!
You barely miss the kobold. You bite the kobold, but do no damage.
The kobold hits you but does no damage. The bat closely misses you.
You slash the kobold!
You kill the kobold!
The bat hits you but does no damage. The bat hits you but does no damage.
Things that are here:
a +0 club; 4 stones; a kobold corpse The bat barely misses you. x2
You hit the bat.
You kill the bat!
No target in view!
No target in view!
Are you sure you want to abandon this character and quit the game? (Confirm with "yes".)

#<.....≈. .#
#...⌠.... ..
#........ ##. ###
##...⌠... #.... ..#
.........⌠
##.##.##.#
...##......
#........#######...
####...
..#..#..#........
####
#........)@.......
#
#..##....#........
... #
#........#######..
#.# # #........#
#.# # ###.##.#†#
... .###.### #
#.#.# .. #.......
#.#.# ..#.##.##.
#.#.######
...#.##.##.
#.#......#
#.........†


There were no monsters in sight!

Vanquished Creatures
  A dart slug (D:1)
  2 ball pythons (D:1)
  2 goblins (D:1)
  A hobgoblin (D:1)
  A kobold (D:1)
  A quokka (D:1)
  A bat (D:1)
  A frilled lizard (D:1)
10 creatures vanquished.

Notes
Turn   | Place    | Note
-------+----------+-------------------------------------------
     0 | D:1      | garbled the Vine Stalker Monk began the quest for the Orb.
     0 | D:1      | Reached XP level 1. HP: 11/11 MP: 2/2
   258 | D:1      | Reached XP level 2. HP: 16/16 MP: 3/3
   362 | D:1      | Quit the game

Illustrated notes

Levels and vault maps discovered:
D:1:      dpeg_arrival_stone_temple_mockup, layout_loops_cross,
          chequers_ecumenical_altar_twisty

Action                   || total
-------------------------++-------
Melee: Falchion          ||    19
       Bite              ||     3
 Stab: Sleeping          ||     4
Armor: Robe              ||     3
Dodge: Dodged            ||    13

Table legend: (Time is in decaauts)
 A = Elapsed time spent in this place.
 B = Non-inter-level travel time spent in this place.
 C = Inter-level travel time spent in this place.
 D = Time resting spent in this place.
 E = Time spent auto-exploring this place.
 F = Levels seen in this place.
 G = Mean time per level.
                   A        B        C        D        E       F      G
               +--------+--------+--------+--------+--------+-----+--------+
         Total |    364 |    364 |      0 |      0 |    308 |   1 |  364.0 |
       Dungeon |    364 |    364 |      0 |      0 |    308 |   1 |  364.0 |
               +--------+--------+--------+--------+--------+-----+--------+

Top non-repeatable levels by time:
     D:1: 364 daAuts
